 Dungeon Crawl Stone Soup version 0.28.0-47-ge53b351184 (webtiles) character file.

Game seed: 14011142840261549525

637 firemarshallily the Covered (level 7, -4/54 HPs)
             Began as a Demonspawn Fighter on Apr 24, 2022.
             Slain by an orc warrior
             ... wielding a +0 hand axe
              (11 damage)
             ... on level 5 of the Dungeon on Apr 25, 2022.
             The game lasted 00:20:45 (3769 turns).

firemarshallily the Covered (Demonspawn Fighter)    Turns: 3769, Time: 00:20:47

Health: -4/54      AC: 14    Str: 18    XL:     7   Next: 25%
Magic:  7/7        EV:  9    Int: 10    God:
Gold:   210        SH:  9    Dex: 12    Spells: 6/6 levels left

rFire   . . .      SeeInvis .   k - +1 hand axe (freeze)
rCold   . . .      Faith    .   c - +0 buckler
rNeg    . . .      Spirit   .   b - +0 scale mail
rPois   .          Reflect  .   (no helmet)
rElec   .          Harm     .   (no cloak)
rCorr   .          Rampage  .   (no gloves)
Will    .....                   (no boots)
Stlth   +.........              (no amulet)
HPRegen 0.18/turn               (no ring)
MPRegen 0.10/turn               (no ring)

@: mighty
A: molten scales 2, icemail 1, condensation shield, demonic magic 1, claws 1,
camouflage 1
a: no special abilities


You were on level 5 of the Dungeon.
You visited 1 branch of the dungeon, and saw 5 of its levels.

You collected 210 gold pieces.

Inventory:

Hand Weapons
 a - a +0 war axe
 k - a +1 hand axe of freezing (weapon)
Missiles
 e - 53 stones
 h - a throwing net
 i - 6 boomerangs (quivered)
 m - 3 javelins
 o - 4 poisoned darts
Armour
 b - a +0 scale mail (worn)
 c - a +0 buckler (worn)
 j - a +1 leather armour of poison resistance
 p - +1 pearl dragon scales
Wands
 r - a wand of charming (4)
Scrolls
 f - a scroll of teleportation
 g - a scroll of amnesia {unknown}
Potions
 d - a potion of might
 n - 2 potions of brilliance


   Skills:
 + Level 4.2 Fighting
 * Level 4.2 Axes
 - Level 2.0 Throwing
 * Level 4.7 Armour
 + Level 3.8 Shields


You had 6 spell levels left.
You didn't know any spells.
Your spell library contained the following spells:

 Spells                   Type           Power      Damage    Failure   Level
 Ensorcelled Hibernation  Hex/Ice        0%         N/A       92%         2
 Passwall                 Tmut/Erth      0%         N/A       92%         2
 Frozen Ramparts          Ice            0%         1d2       99%         3
 Mephitic Cloud           Conj/Pois/Air  0%         N/A       99%         3
 Swiftness                Air            0%         N/A       99%         3
 Ice Form                 Ice/Tmut       0%         N/A       100%        4
 Summon Ice Beast         Ice/Summ       0%         N/A       100%        4
 Summon Lightning Spire   Summ/Air       0%         N/A       100%        4
 Freezing Cloud           Conj/Ice/Air   0%         6-21      100%        5


Dungeon Overview and Level Annotations

Branches:
Dungeon (5/15)
 Temple: D:4-7

Altars:
Fedhas


Innate Abilities, Weirdness & Mutations

You are mostly covered in molten scales. (AC +3)
A meltable icy envelope protects you from harm. (AC +4)
A meltable shield of frost defends you. (SH +4)
Spells you cast may paralyse adjacent enemies.
You have sharp fingernails.
Your skin changes colour to match your surroundings (Stealth+).


Message History

The orc warrior hits you with a +0 trident!
* * * LOW HITPOINT WARNING * * *
An orc warrior comes into view.
It is wielding a +0 hand axe and carrying a wand of iceblast (8).
As you read the scroll of teleportation, it crumbles to dust.
You feel strangely unstable.
The orc warrior shouts!
You hear a shout!
The orc warrior hits you with a +0 trident.
* * * LOW HITPOINT WARNING * * *
It was a potion of brilliance.
You feel clever all of a sudden. You block the orc warrior's attack.
It was a potion of mutation.
You feel extremely strange.
Your fingernails lengthen.
Your skin functions as natural camouflage.
You block the orc warrior's attack.
It was a potion of cancellation.
You feel strangely stable.
Your magical effects are unravelling.
You feel magically purged.
You feel a little less clever now. The orc warrior closely misses you.
You feel very mighty all of a sudden. You block the orc warrior's attack.
You completely miss the orc warrior.
The orc warrior is moderately wounded.
The orc warrior hits you with a +0 trident.
* * * LOW HITPOINT WARNING * * *
You hit the orc warrior. You freeze the orc warrior.
The orc warrior is heavily wounded.
You hit the orc warrior. You freeze the orc warrior.
You block the orc warrior's attack. The orc warrior completely misses you.
An orc comes into view. It is wielding a +0 club.
You barely miss the orc warrior.
The orc warrior is heavily wounded.
The orc shouts!
You slash the orc warrior! You freeze the orc warrior.
You block the orc warrior's attack.
An orc comes into view. It is wielding a +0 whip.
The orc warrior hits you with a +0 hand axe!
You die...

.......).)..#.#..........##.
.#.###o))#....[.....[....##.
#.o.#.##...........####
#.#.#.##..........##
...#.#.##......)####
#..###...######...).# ##.
##..## #####)# . #.oo#
#.#### .. ###@# #....### #.#
####.... ### ##### # #


You could see 2 orc warriors and 2 orcs.

Vanquished Creatures
  An ogre (D:3)
  A water moccasin skeleton (D:4)
  A centaur zombie (D:5)
  2 jellies
  A hound (D:5)
  2 orc priests
  An iguana (D:3)
  4 orc wizards
  3 gnolls (D:5)
  6 adders
  2 adder skeletons (D:4)
  A worm (D:2)
  3 dart slugs
  23 orcs
  4 ball pythons
  5 bats
  5 endoplasms
  3 giant cockroaches
  5 goblins
  6 hobgoblins
  2 jackals (D:1)
  2 kobolds
  2 quokkas
  2 frilled lizards (D:2)
  2 rats
89 creatures vanquished.

Notes
Turn   | Place    | Note
-------+----------+-------------------------------------------
     0 | D:1      | firemarshallily the Demonspawn Fighter began the quest for
                  | the Orb.
     0 | D:1      | Reached XP level 1. HP: 18/18 MP: 1/1
    92 | D:1      | Gained mutation: You are partially covered in molten
                  | scales. (AC +2) [demonic ancestry]
    92 | D:1      | Reached XP level 2. HP: 18/24 MP: 2/2
   621 | D:2      | Gained mutation: You are mostly covered in molten scales.
                  | (AC +3) [demonic ancestry]
   621 | D:2      | Reached XP level 3. HP: 28/29 MP: 3/3
  1374 | D:3      | Got the Incunabulum of Flight and Contamination
  1391 | D:3      | Gained mutation: A meltable shield of frost defends you.
                  | (SH +4) [demonic ancestry]
  1391 | D:3      | Reached XP level 4. HP: 21/35 MP: 4/4
  1908 | D:3      | Reached skill level 1 in Throwing
  1911 | D:3      | Gained mutation: A meltable icy envelope protects you from
                  | harm. (AC +4) [demonic ancestry]
  1911 | D:3      | Reached XP level 5. HP: 37/41 MP: 5/5
  2298 | D:4      | Noticed an ogre
  2373 | D:3      | Killed an ogre
  2375 | D:3      | Upgraded the game from 0.28.0-45-g0d030f2227 to
                  | 0.28.0-47-ge53b351184
  2643 | D:4      | Reached XP level 6. HP: 46/48 MP: 6/6
  3538 | D:5      | Entered Level 5 of the Dungeon
  3603 | D:5      | Gained mutation: Spells you cast may paralyse adjacent
                  | enemies. [demonic ancestry]
  3603 | D:5      | Reached XP level 7. HP: 54/54 MP: 7/7
  3649 | D:5      | Found a blossoming altar of Fedhas.
  3764 | D:5      | Gained mutation: You have sharp fingernails. [potion of
                  | mutation]
  3764 | D:5      | Gained mutation: Your skin changes colour to match your
                  | surroundings (Stealth+). [potion of mutation]
  3769 | D:5      | Slain by an orc warrior

Illustrated notes

Levels and vault maps discovered:
D:1:      saegor_arrival_simple_e, layout_basic
D:2:      layout_loops_ring, chequers_serial_rivers_large_b, minmay_hexomino_u4
D:3:      layout_rooms, minmay_misc_feat_tiny
D:4:      layout_cave_pods
D:5:      layout_rooms, zin_treasury, brannock_xom_greatest_gift, led_sif_pool,
          mainiacjoe_overflow_small_starburst, gup_sewer_entry_bubbles,
          serial_shops, nicolae_shop_bloodbath_and_beyond

Skill      XL: |  1  2  3  4  5  6 |
---------------+-------------------+-----
Axes           | 2 3 4 |  4.2
Armour         | 3 4 |  4.7
Shields        | 3 |  3.8
Throwing       | 1 2 |  2.0
Fighting       | 4 |  4.2

Action                   |  1- 3 |  4- 6 |  7- 9 || total
-------------------------+-------+-------+-------++-------
Melee: War axe           |    77 |    80 |       ||   157
       Hand axe          |       |    95 |    48 ||   143
Throw: Stone             |     5 |       |       ||     5
       Boomerang         |     3 |    20 |     5 ||    28
       Javelin           |       |     2 |     1 ||     3
  Use: Scroll            |       |     8 |     1 ||     9
       Potion            |       |       |     5 ||     5
Armor: Scale mail        |    38 |    78 |    31 ||   147
Dodge: Dodged            |    35 |    91 |    17 ||   143
Block: Buckler           |    10 |    69 |    24 ||   103
